 Dungeon Sprint DCSS version 0.21.1-1-g345015f (webtiles) character file.

1000000 Fang the Severer (level 12, -31/80 HPs)
             Began as a Gargoyle Gladiator on May 25, 2018.
             Was an Initiate of Makhleb.
             Annihilated by a meat berserker
             ... wielding a +9 battleaxe
              (54 damage)
             ... in the Dungeon (Sprint VIII: "Arena of Blood").
             The game lasted 00:00:14 (10 turns).

Fang the Severer (Gargoyle Gladiator)                 Turns: 10, Time: 00:00:14

Health: -31/80     AC: 12    Str: 23    XL:     12   Next: 2%
Magic:  12/12      EV: 19    Int:  9    God:    Makhleb [......]
Gold:   0          SH:  0    Dex: 11    Spells: 11/11 levels left

rFire    . . .     SeeInvis .   l - +∞ Axe of Woe
rCold    . . .     Gourm    .   (shield currently unavailable)
rNeg     + . .     Faith    .   b - +0 leather armour
rPois    ∞         Spirit   .   c - +0 helmet
rElec    +         Reflect  .   (no cloak)
rCorr    .         Harm     .   (no gloves)
MR       .....     NoTele   +   (no boots)
Stlth    +.........             (no amulet)
HPRegen  0.23/turn              (no ring)
MPRegen  0.13/turn              (no ring)

@: no status effects
A: negative energy resistance 1, electricity resistance, unbreathing,
petrification resistance, rot immunity, AC +8
a: Renounce Religion


You were in the Dungeon.
You worshipped Makhleb.
Makhleb was noncommittal.
You were not hungry.

You visited 1 branch

Inventory:

Hand Weapons
 a - a +0 war axe
 l - the +∞ Axe of Woe (weapon)
   (You found it in the Dungeon)
Missiles
 d - 3 throwing nets (quivered)
Armour
 b - a +0 leather armour (worn)
 c - a +0 helmet (worn)
Scrolls
 k - a scroll of blinking
Potions
 e - a potion of curing
 g - a potion of heal wounds
 h - a potion of haste
 i - 2 potions of magic
 j - a potion of berserk rage
Comestibles
 f - a ration


   Skills:
 + Level 11.2 Fighting
 + Level 16.8 Axes
 + Level 9.1 Throwing
 + Level 15.1 Dodging


You had 11 spell levels left.
You didn't know any spells.

Dungeon Overview and Level Annotations

Branches:
Dungeon (1/1)

Altars:
Makhleb


Innate Abilities, Weirdness & Mutations

You are resistant to torment.
Your stone body is resilient. (AC +8)
You are immune to poison.
You resist negative energy. (rN+)
You are resistant to electric shocks. (rElec)
You can survive without breathing.
You are immune to petrification.
You are immune to rotting.


Message History

You have reached level 11!
You have reached level 12!
Your experience leads to an increase in your attributes!
Increase (S)trength, (I)ntelligence, or (D)exterity?
You feel stronger.
You feel clever.
You hear a shout! x2
The meat berserker rages.
You hear a shout! x4
The meat berserker hits you with a +9 battleaxe!!
You hear a shout! x2
The meat berserker hits you with a +9 battleaxe!!
* * * LOW HITPOINT WARNING * * *
You hear a shout!
The bag of meat appears out of thin air!
A bag of meat comes into view. It is wielding a +9 war axe.
You hear a shout!
The meat berserker barely misses you.
The meat berserker hits you with a +9 battleaxe!!!
Ouch! That really hurt!
You die...

..... .. #... .#
. #... ..#
..###... ..###.
......###......
....._......
#.....# #O.<._#
#@O...#
#.....).._..o.O.
........###......
...###... ..###.
.o #..o ..# #...O
.# ..... ..
......


You could see 4 meat berserkers and 3 bags of meat.

Vanquished Creatures
  An orc (D)
1 creature vanquished.

Notes
Turn   | Place    | Note
-------+----------+-------------------------------------------
     0 | D        | Found the +∞ Axe of Woe
     0 | D        | Fang the Gargoyle Gladiator began the quest for the Orb.
     0 | D        | Reached XP level 1. HP: 12/12 MP: 1/1
     4 | D        | Became a worshipper of Makhleb the Destroyer
     8 | D        | Noticed a meat berserker
     9 | D        | Noticed a meat berserker
     9 | D        | Noticed a bag of meat
     9 | D        | Noticed a bag of meat
    10 | D        | Noticed a bag of meat
    10 | D        | Noticed a meat berserker
    10 | D        | Killed a bag of meat
    10 | D        | Reached skill level 16 in Axes
    10 | D        | Reached skill level 15 in Dodging
    10 | D        | Reached XP level 2. HP: 29/29 MP: 2/2
    10 | D        | Reached XP level 3. HP: 34/34 MP: 3/3
    10 | D        | Reached XP level 4. HP: 40/40 MP: 4/4
    10 | D        | Reached XP level 5. HP: 44/44 MP: 5/5
    10 | D        | Reached XP level 6. HP: 49/49 MP: 6/6
    10 | D        | Reached XP level 7. HP: 54/54 MP: 7/7
    10 | D        | Reached XP level 8. HP: 60/60 MP: 8/8
    10 | D        | Reached XP level 9. HP: 64/64 MP: 9/9
    10 | D        | Reached XP level 10. HP: 70/70 MP: 10/10
    10 | D        | Reached XP level 11. HP: 74/74 MP: 11/11
    10 | D        | Reached XP level 12. HP: 80/80 MP: 12/12
    10 | D        | Annihilated by a meat berserker

Skill      XL: |  1 |
---------------+----+-----
Fighting       | 11 | 11.2
Axes           | 16 | 16.8
Throwing       | 9 |  9.1
Dodging        | 15 | 15.1

Action                   |  1- 3 |  4- 6 |  7- 9 | 10-12 || total
-------------------------+-------+-------+-------+-------++-------
Melee: Executioner's axe |     1 |       |       |       ||     1
Dodge: Dodged            |       |       |       |     1 ||     1
